 Dungeon Crawl Stone Soup version 0.27.1-37-g7b29ead8ac (webtiles) character file.

Game seed: 13231007281846787894

11827 tkbsonic5 the Spear-Bearer (level 11, -1/99 HPs)
             Began as a Minotaur Hunter on July 10, 2023.
             Was a Believer of Fedhas.
             Slain by a death knight (16 damage)
             ... on level 11 of the Dungeon on July 11, 2023.
             The game lasted 00:39:11 (12935 turns).

tkbsonic5 the Spear-Bearer (Minotaur Hunter)       Turns: 12935, Time: 00:39:12

Health: -1/99      AC: 24    Str: 21    XL:     11   Next: 54%
Magic:  8/12       EV:  9    Int:  8    God:    Fedhas [**....]
Gold:   302        SH:  0    Dex: 12    Spells: 10/10 levels left

rFire    + + +     SeeInvis .   x - +8 lance "Wyrmbane" {slay drac, rPois rF+ rC+ AC+3, (12,18^)}
rCold    . . .     Faith    .   (no shield)
rNeg     . . .     Spirit   .   z - +4 plate armour
rPois    +         Reflect  .   (helmet restricted)
rElec    +         Harm     .   y - scarf {rC+ rF+}
rCorr    .         Rampage  .   e - +1 pair of gloves
Will     .....                  w - +0 pair of boots {Stlth+}
Stlth    ..........             (no amulet)
HPRegen  0.26/turn              l - ring "Paqoikkudip" {Fire rElec Str+2}
MPRegen  0.13/turn              s - ring of fire

@: weak-willed, studying Polearms
A: horns 2, retaliatory headbutt
a: Renounce Religion, Wall of Briars


You were on level 11 of the Dungeon.
You worshipped Fedhas.
Fedhas was pleased with you.
You visited 2 branches of the dungeon, and saw 11 of its levels.

You collected 494 gold pieces.
You spent 192 gold pieces at shops.

Inventory:

Hand Weapons
 i - a +0 hand axe of electrocution
 k - a +0 hunting sling {(2,9)}
 u - a +0 longbow of freezing {(0,15-) Shamen Slowbow}
 x - the +8 lance "Wyrmbane" (weapon) {slay drac, rPois rF+ rC+ AC+3, (12,18^)}
   (You found it on level 4 of the Dungeon)

   It inflicts extra damage against dragons and draconians.
   AC:        It affects your AC (+3).
   rF:        It protects you from fire.
   rC:        It protects you from cold.
   rPois:     It protects you from poison.
Missiles
 d - 144 arrows {Spearhunter Left-Lilt}
 f - 74 sling bullets
 j - 84 poisoned darts
 B - 103 bolts
 D - 4 datura-tipped darts
Armour
 e - a +1 pair of gloves (worn)
 w - a +0 pair of boots of stealth (worn)
 y - a scarf of resistance (worn)
 z - a +4 plate armour (worn)
Magical Staves
 A - a staff of death
Jewellery
 c - a ring of ice
 l - the ring "Paqoikkudip" (left hand) {Fire rElec Str+2}
   (You took it off a centaur warrior on level 9 of the Dungeon)

   [ring of fire]

   It enhances your fire magic.
   Str:       It affects your strength (+2).
   rF:        It protects you from fire.
   rC:        It makes you vulnerable to cold.
   rElec:     It insulates you from electricity.
 s - a ring of fire (right hand)
Wands
 t - a wand of flame (10) (quivered)
 E - a wand of polymorph (6)
Scrolls
 o - a scroll of magic mapping
Potions
 a - a potion of mutation
 b - a potion of curing
 g - 2 potions of magic
 h - 3 potions of flight
 m - a potion of ambrosia
 n - a potion of brilliance {unknown}
 p - a potion of lignification
 q - 2 potions of attraction
Miscellaneous
 v - a tin of tremorstones (1/2)


   Skills:
 - Level 9.8 Fighting
 - Level 0.5 Short Blades
 - Level 12.0 Polearms
 - Level 4.5(5.1) Slings
 - Level 8.0 Bows
 - Level 3.1(4.2) Throwing
 - Level 9.1 Armour
 - Level 8.5 Dodging
 - Level 0.7 Stealth
 + Level 3.9 Invocations
 - Level 1.3 Evocations


You had 10 spell levels left.
You didn't know any spells.
Your spell library contained the following spells:

 Spells                   Type           Power      Damage    Failure   Level
 Confusing Touch          Hex            0%         N/A       100%        3
 Conjure Flame            Conj/Fire      0%         6-21      100%        3
 Ignite Poison            Fire/Tmut/Pois 0%         N/A       100%        3
 Animate Dead             Necr           0%         N/A       100%        4
 Cause Fear               Hex            0%         N/A       100%        4
 Fulminant Prism          Conj/Hex       0%         3d6       100%        4
 Iskenderun's Mystic Bla  Conj/Tloc      0%         2d3       100%        4
 Leda's Liquefaction      Hex/Erth       0%         N/A       100%        4
 Sticky Flame             Conj/Fire      0%         2d3       100%        4
 Blade Hands              Tmut           0%         N/A       100%        5
 Bolt of Magma            Conj/Fire/Erth 0%         4d4       100%        5
 Irradiate                Conj/Tmut      0%         3d14      100%        5
 Lee's Rapid Deconstruct  Erth           0%         3d5*      100%        5
 Dragon Form              Tmut           0%         N/A       100%        7
 Haunt                    Necr/Summ      0%         N/A       100%        7
 Infestation              Necr           0%         N/A       100%        8
 Dragon's Call            Summ           0%         N/A       100%        9


Dungeon Overview and Level Annotations

Branches:
Dungeon (11/15)            Temple (1/1) D:7            Lair (0/6) D:9
    Orc (0/2) D:9

Altars:
Ashenzari
Cheibriados
Dithmenos
Elyvilon
Fedhas
Gozag
Hepliaklqana
Kikubaaqudgha
Makhleb
Nemelex Xobeh
Okawaru
Qazlal
Ru
Sif Muna
Trog
Uskayaw
Vehumet
Wu Jian
Xom
Yredelemnul
Zin
The Shining One

Shops:
D:10 ([

Annotations:
D:10 Urug


Innate Abilities, Weirdness & Mutations

You have a pair of horns on your head.
You reflexively headbutt those who attack you in melee.


Message History

As you read the scroll of fear, it crumbles to dust.
You assume a fearsome visage.
The death knight resists with almost no effort.
The freezing wraith is unaffected.
The phantasmal warrior is unaffected.
The death knight hits you from afar with a +0 glaive.
The freezing wraith hits you but does no damage. x2
The phantasmal warrior hits you!
The death knight hits you but does no damage.
The phantasmal warrior hits you but does no damage.
The freezing wraith hits you but does no damage. x2
Okay, then.
Found 14 gold pieces.
The phantasmal warrior hits you!
The phantasmal warrior blinks!
The death knight hits you from afar with a +0 glaive.
The phantasmal warrior blinks!
The death knight offers itself to Yredelemnul, and fills with unholy energy.
You feel yourself speed up.
The phantasmal warrior blinks!
You see here a +0 rapier.
The phantasmal warrior blinks!
Okay, then.
Okay, then.
Okay, then.
Press: ? - help, Dir - move target, p - freezing wraith A ballistomycete grows from the ground.
You can no longer grow a ballistomycete.
A freezing wraith comes into view.
The phantasmal warrior hits you!!
* * * LOW HITPOINT WARNING * * *
A ballistomycete spore comes into view.
The phantasmal warrior hits you but does no damage.
You swap places.
Your ballistomycete spore explodes!
Fedhas protects your plant from harm.
The explosion of spores engulfs you but does no damage.
The explosion of spores engulfs the phantasmal warrior.
The phantasmal warrior is lightly damaged.
The death knight hits you from afar with a +0 glaive!
You die...
Fedhas appreciates your contribution to the ecosystem.

######## #####
#......#####....#
#..##...........#
#..##...........
#@.##..........$ .
#WP##.......#####.
######..pW...W...#...W.
#.....###+##.....#...p
#.....# #...#.#.W#
#.###.# #...#.#'###
#.....# #.........#
#.....# ###+##)...#
##....# #.##.#


You could see a death knight (reflects damage), a phantasmal warrior (ally
target), a freezing wraith and a friendly ballistomycete (summoned).

Vanquished Creatures
  A yaktaur captain (D:9)
  A hydra (D:9)
  A centaur warrior (D:9)
  A fire crab (D:9)
  A cyclops (D:9)
  2 centaur zombies (D:10)
  Maggie (D:7)
  A troll (D:9)
  A freezing wraith (D:9)
  A hornet (D:5)
  A shadow (D:9)
  2 wraiths
  7 yaks (D:10)
  A wyvern (D:10)
  A vampire mosquito (D:9)
  2 steam dragons
  2 water moccasins
  11 orc warriors
  A black bear (D:5)
  A necrophage (D:4)
  5 ogres
  4 centaurs
  A tengu (D:10)
  A centaur (shapeshifter) (D:9)
  7 kobold brigands
  2 bullfrogs (D:6)
  7 gnoll sergeants (D:9)
  3 scorpions
  5 killer bees
  3 wights (D:8)
  A howler monkey (D:9)
  2 bullfrog zombies
  5 hounds
  4 jellies
  2 centaur skeletons (D:4)
  9 orc priests
  A gnoll shaman (D:6)
  A bullfrog skeleton (D:4)
  3 iguanas (D:5)
  7 orc wizards
  A hound skeleton (D:4)
  2 howler monkey zombies
  An adder (D:2)
  7 gnolls
  4 river rats (D:4)
  3 shadow imps
  5 dart slugs
  2 worms (D:4)
  48 orcs
  A bat (D:1)
  7 endoplasms (D:1)
  A giant cockroach (D:1)
  5 hobgoblins
  7 jackals (D:1)
  2 quokkas
  7 ball pythons
  2 frilled lizards (D:2)
  5 goblins
  36 kobolds
  5 rats
264 creatures vanquished.

Vanquished Creatures (collateral kills)
  A gnoll (D:9)
  A ballistomycete spore (D:11)
2 creatures vanquished.

Vanquished Creatures (others)
  A sky beast (D:8)
  An orc wizard (D:9)
  A fungus (D:1)
  84 plants
87 creatures vanquished.

Grand Total: 353 creatures vanquished

Notes
Turn   | Place    | Note
-------+----------+-------------------------------------------
     0 | D:1      | tkbsonic5 the Minotaur Hunter began the quest for the Orb.
     0 | D:1      | Reached XP level 1. HP: 18/18 MP: 0/0
   124 | D:1      | Reached XP level 2. HP: 25/25 MP: 1/1
   130 | D:1      | Reached skill level 5 in Bows
   359 | D:1      | Reached XP level 3. HP: 30/30 MP: 2/2
   403 | D:1      | Found a faded altar of an unknown god.
   859 | D:2      | Reached skill level 1 in Slings
  1032 | D:2      | You fall into a shaft and drop 2 floors!
  1032 | D:4      | Noticed a necrophage
  1052 | D:4      | Reached XP level 4. HP: 37/37 MP: 3/3
  1067 | D:4      | Killed a necrophage
  1068 | D:4      | Reached XP level 5. HP: 31/45 MP: 4/4
  1622 | D:4      | Found a glowing drain.
  1672 | D:4      | Found the +8 lance "Wyrmbane" {slay drac, rPois rF+ rC+
                  | AC+3}
  1709 | D:4      | Found a shimmering altar of Xom.
  1734 | D:4      | Reached XP level 6. HP: 50/52 MP: 5/5
  1800 | D:4      | Reached skill level 1 in Polearms
  1800 | D:4      | Reached skill level 1 in Armour
  1838 | D:4      | Found a radiant altar of Vehumet.
  2062 | D:4      | Reached skill level 2 in Polearms
  2062 | D:4      | Reached XP level 7. HP: 51/60 MP: 6/6
  2263 | D:4      | Found a hazy altar of Hepliaklqana.
  2317 | D:5      | Entered Level 5 of the Dungeon
  3136 | D:5      | Reached skill level 3 in Polearms
  3136 | D:5      | Reached skill level 1 in Throwing
  3177 | D:5      | Noticed a hornet
  3193 | D:5      | Killed a hornet
  3194 | D:5      | Reached skill level 5 in Fighting
  3194 | D:5      | Reached XP level 8. HP: 26/68 MP: 7/7
  3956 | D:6      | Reached skill level 4 in Polearms
  4329 | D:6      | Reached skill level 5 in Dodging
  4631 | D:6      | Found a shimmering blue altar of Sif Muna.
  5348 | D:6      | Reached skill level 5 in Polearms
  5388 | D:6      | Reached XP level 9. HP: 77/77 MP: 8/8
  5726 | D:7      | Reached skill level 5 in Armour
  6133 | D:7      | Found a staircase to the Ecumenical Temple.
  6207 | Temple   | Entered the Ecumenical Temple
  6313 | Temple   | Became a worshipper of Fedhas Madash
  6376 | D:7      | Noticed Maggie
  6389 | D:7      | Killed Maggie
  7173 | D:8      | Found a stormy altar of Qazlal.
  7215 | D:8      | Reached skill level 6 in Polearms
  7218 | D:8      | Reached * piety under Fedhas
  7636 | D:8      | Found a hide-covered altar of Uskayaw.
  8600 | D:9      | Noticed a cyclops
  8600 | D:9      | Noticed a freezing wraith
  8600 | D:9      | Noticed a six-headed hydra
  8600 | D:9      | Noticed a centaur warrior
  8617 | D:9      | Killed a six-headed hydra
  8618 | D:9      | Reached skill level 7 in Polearms
  8618 | D:9      | Reached XP level 10. HP: 88/88 MP: 9/9
  8645 | D:9      | Killed a cyclops
  9185 | D:9      | Identified the ring "Paqoikkudip" {Fire rElec Str+2}
  9195 | D:9      | Killed a centaur warrior
  9196 | D:9      | Reached skill level 8 in Polearms
  9282 | D:9      | Identified a scroll of acquirement
  9387 | D:9      | Acquired a manual of Polearms
  9439 | D:9      | Found a staircase to the Lair.
  9456 | D:9      | Found a glowing silver altar of Zin.
  9484 | D:9      | Found a staircase to the Orcish Mines.
  9504 | D:9      | Reached ** piety under Fedhas
  9555 | D:9      | Reached skill level 9 in Polearms
 10039 | D:9      | Noticed a yaktaur captain
 10039 | D:9      | Noticed a fire crab
 10528 | D:9      | Killed a yaktaur captain
 10529 | D:9      | Reached XP level 11. HP: 83/99 MP: 10/10
 10607 | D:9      | Killed a fire crab
 10608 | D:9      | Reached skill level 1 in Invocations
 10608 | D:9      | Reached skill level 1 in Evocations
 10750 | D:9      | Got the Tome of Damaging Bewitchment
 10912 | D:10     | Entered Level 10 of the Dungeon
 10999 | D:10     | Reached skill level 10 in Polearms
 11003 | D:10     | Found Ofedih's Antique Armour Shoppe.
 11024 | D:10     | Bought a glowing scarf for 192 gold pieces
 11433 | D:10     | Found Assitid's Weapon Shop.
 11475 | D:10     | Noticed Urug
 11890 | D:9      | Found a burning altar of Makhleb.
 11948 | D:9      | Reached skill level 11 in Polearms
 12348 | D:10     | Noticed Psyche
 12350 | D:10     | Noticed Psyche
 12350 | D:10     | Psyche changed into Psyche the tengu
 12354 | D:10     | Killed Psyche the tengu
 12516 | D:10     | Reached skill level 12 in Polearms
 12806 | D:11     | Reached *** piety under Fedhas
 12910 | D:11     | Noticed a death knight
 12912 | D:11     | Noticed a phantasmal warrior
 12935 | D:11     | Slain by a death knight

Illustrated notes

Levels and vault maps discovered:
D:1:      roderic_crop_circles_arrival_small, layout_basic,
          shapermc_ecumenical_altar_mp_ritualfount, st_stairs_9
D:2:      layout_basic, basic_altar, grunt_decor_mini_mirrors,
          grunt_ministairs_12, minmay_pentomino_z4
D:4:      layout_basic, nicolae_overflow_crystal_walls,
          mainiacjoe_overflow_surrounded_room,
          worldfamousw_hep_ancestral_shrine, lightli_sewer_entry_pipes,
          grunt_ministairs_7, serial_bayou_lagoon_a
D:5:      kennysheep_kobold_camp, layout_basic
D:6:      layout_layer_cave, lemuel_round_altar, minmay_starry_boxes
D:7:      layout_loops_ring, minmay_temple_entry_sparse_star, minivault_26,
          uniq_maggie
D:8:      layout_cave_pods, mainiacjoe_overflow_24_doors,
          nicolae_qazlal_style_of_elements, minivault_21
D:9:      minmay_shrinking_squares, layout_basic, lemuel_crystal_altar,
          mainiacjoe_overflow_cross_hatched, lair_entry_dummy,
          kennysheep_orc_monster_closet_entryway
D:10:     layout_irregular_city, serial_shops, nicolae_square_shop,
          nicolae_stop_n_shop_1, kennysheep_dice, uniq_urug, uniq_psyche
D:11:     layout_stronghold, uniq_sonja, uniq_erolcha
Temple:   nicolae_temple_great_sept

Skill      XL: |  1  2  3  4  5  6  7  8  9 10 11 |
---------------+----------------------------------+-----
Bows           | 5 6 7 8 |  8.0
Slings         | 1 2 3 4 |  4.5
Fighting       | 3 4 5 6 8 9 |  9.8
Polearms       | 2 3 5 7 9 12 | 12.0
Armour         | 2 3 4 7 8 9 |  9.1
Dodging        | 3 4 5 7 8 |  8.5
Throwing       | 1 2 3 |  3.1
Invocations    | 3 |  3.9
Evocations     | 1 |  1.3
Short Blades   | |  0.5
Stealth        | |  0.7

Action                   |  1- 3 |  4- 6 |  7- 9 | 10-12 || total
-------------------------+-------+-------+-------+-------++-------
Melee: Short sword       |     7 |     3 |       |       ||    10
       Headbutt          |     1 |     5 |    31 |    40 ||    77
       Lance             |       |    33 |   299 |   310 ||   642
 Fire: Shortbow          |    98 |    19 |    95 |       ||   212
       Hunting sling     |       |    37 |     7 |       ||    44
       Longbow           |       |       |       |    32 ||    32
Throw: Dart              |       |     1 |     7 |    20 ||    28
Invok: Wall of Briars    |       |       |       |     4 ||     4
       Grow Ballistomyce |       |       |       |     1 ||     1
Evoke: Wand              |       |       |     4 |    37 ||    41
       Tin of tremorston |       |       |       |     1 ||     1
  Use: Potion            |       |       |     8 |     3 ||    11
       Scroll            |       |       |     9 |    22 ||    31
 Stab: Paralysed         |       |       |     4 |     2 ||     6
Armor: Leather armour    |    13 |       |       |       ||    13
       Ring mail         |     1 |    23 |    36 |       ||    60
       Plate armour      |       |       |    95 |   107 ||   202
       Skin              |       |       |    52 |    50 ||   102
Dodge: Dodged            |    26 |    28 |    96 |    59 ||   209
